AoeStats
← Leandro Paredes

Arena

509031003Analyzed
2v2 RM · 8d ago on Sep 25, 2026· 30m 12s· 4 players
Game mode
Random Map
Map size
Medium (4 player)
Population
200
Speed
Normal
Resources
Standard
Victory
Conquest
Starting age
Dark Age
Ending age
Imperial Age
RankedLock teamsTeams togetherTeam positionsShared explorationLock speedFull tech treeHidden civsTurbo modeCheats
Victory
Defeat
🇦🇷 Cumans · Argentina
1134
+12
🇦🇷 Vikings · Argentina
1028
+16
🇦🇷 Poles · Argentina
1039
-14
🇦🇷 Muisca · Argentina
1038
-14
BuhoBit
11:09 Feudal Age
14:57 Castle Age
13:02 Double-Bit Axe
15:22 Forging
15:48 Squires
22:13 Scale Mail Armor
22:16 Town Watch
28:07 Iron Casting
fish
10:26 Feudal Age
10:58 Horse Collar
11:48 Double-Bit Axe
15:35 Loom
17:52 Castle Age
16:14 Stone Mining
18:27 Bloodlines
19:33 Bow Saw
20:43 Husbandry
23:56 Forging
28:08 Iron Casting
Leandro Paredes
5:13 Loom
9:33 Feudal Age
13:23 Double-Bit Axe
13:21 Horse Collar
17:29 Castle Age
17:48 Gold Mining
20:02 Bow Saw
21:45 Heavy Plow
27:03 Scale Mail Armor
27:17 Forging
Sex Machine 24cm
9:35 Feudal Age
10:36 Double-Bit Axe
10:32 Horse Collar
17:24 Gold Mining
20:28 Castle Age
19:32 Bloodlines
19:11 Loom
20:38 Scale Barding Armor
20:43 Forging
27:11 Chain Barding Armor
Connection lost

Rejoining the realm…

Still unreachable

The connection could not be restored.

Session expired

The server has moved on; the page needs a fresh start.